 Seeded DCSS version 0.28.0-45-g0d030f2227 (webtiles) character file.

Game seed: 20220420 (custom seed)

764 jessy the Covered (level 8, 0/60 HPs)
             Began as a Human Fighter on Apr 20, 2022.
             Was an Initiate of Wu Jian.
             Slain by a hellwing (2 damage)
             ... created by the fury of Makhleb
             ... on level 5 of the Dungeon on Apr 22, 2022.
             The game lasted 00:32:41 (7012 turns).

jessy the Covered (Human Fighter)                   Turns: 7012, Time: 00:32:42

Health: 0/60       AC: 13    Str: 25    XL:     8   Next: 8%
Magic:  8/8        EV:  6    Int:  9    God:    Wu Jian [......]
Gold:   218        SH:  5    Dex: 18    Spells: 7/7 levels left

rFire   . . .      SeeInvis .   C - +0 broad axe
rCold   . . .      Faith    .   c - +0 buckler
rNeg    . . .      Spirit   .   e - +0 plate armour
rPois   .          Reflect  .   (no helmet)
rElec   .          Harm     .   o - +0 cloak
rCorr   .          Rampage  .   (no gloves)
Will    .....                   (no boots)
Stlth   ..........              (no amulet)
HPRegen 0.20/turn               y - +6 ring of strength
MPRegen 0.11/turn               D - +6 ring of dexterity

@: about to teleport
A: no striking features
a: Renounce Religion


You were on level 5 of the Dungeon.
You worshipped Wu Jian.
Wu Jian was noncommittal.
You visited 2 branches of the dungeon, and saw 6 of its levels.

You collected 218 gold pieces.

Inventory:

Hand Weapons
 a - a +0 war axe
 d - a +0 dagger
 g - a +0 spear
 l - a +1 short sword of venom
 s - a +0 club
 C - a +0 broad axe (weapon)
 I - the +10 short sword "Dragonbane" {vamp, rF+ Will+}
   (You found it on level 3 of the Dungeon)

   It occasionally heals its wielder for a portion of the damage dealt when it
   wounds a living foe.
   rF:        It protects you from fire.
   Will:      It increases your willpower.
 J - a +0 whip
 U - a +0 hand axe
 W - a +0 quarterstaff
Missiles
 i - 34 bolts
 m - 5 atropa-tipped darts
 n - 166 stones
 r - 4 curare-tipped darts
 t - 93 arrows
 B - 6 poisoned darts (quivered)
Armour
 b - a +0 scale mail
 c - a +0 buckler (worn)
 e - a +0 plate armour (worn)
 h - a +0 barding
 o - a +0 cloak (worn)
 p - a +0 ring mail
 Q - a +0 leather armour
Magical Staves
 x - a staff of air
 N - a staff of cold
Jewellery
 y - a +6 ring of strength (left hand)
 D - a +6 ring of dexterity (right hand)
Wands
 P - a wand of flame (14)
 V - a wand of paralysis (16)
Scrolls
 j - a scroll of teleportation
 k - 3 scrolls of identify
 q - a scroll of blinking
 z - a scroll of summoning {unknown}
 G - a scroll of immolation {unknown}
 L - a scroll of brand weapon {unknown}
 R - a scroll of amnesia {unknown}
 Y - a scroll of torment {unknown}
 Z - a scroll of fear {unknown}
Potions
 f - a potion of flight {unknown}
 u - a potion of degeneration {unknown}
 v - a potion of magic {unknown}
 w - a potion of mutation {unknown}
 A - a potion of brilliance {unknown}
 F - 2 potions of curing {unknown}


   Skills:
 + Level 3.7 Fighting
 + Level 4.2 Short Blades
 + Level 3.8 Axes
 + Level 5.8 Armour
 + Level 0.6 Stealth
 + Level 3.9 Shields
 + Level 0.4 Evocations


You had 7 spell levels left.
You didn't know any spells.
Your spell library contained the following spells:

 Spells                   Type           Power      Damage    Failure   Level
 Beastly Appendage        Tmut           0%         N/A       100%        1
 Slow                     Hex            0%         N/A       100%        1
 Wereblood                Tmut           0%         N/A       100%        2
 Confusing Touch          Hex            0%         N/A       100%        3
 Spider Form              Tmut/Pois      0%         N/A       100%        3
 Vampiric Draining        Necr           0%         2d6       100%        3
 Fireball                 Conj/Fire      0%         3d3       100%        5
 Summon Forest            Summ/Tloc      0%         N/A       100%        5
 Summon Mana Viper        Hex/Summ       0%         N/A       100%        5
 Starburst                Conj/Fire      0%         6d3       100%        6
 Summon Cactus Giant      Summ           0%         N/A       100%        6
 Ignition                 Fire           0%         3d3       100%        8


Dungeon Overview and Level Annotations

Branches:
Dungeon (5/15)             Temple (1/1) D:5

Altars:
Ashenzari
Cheibriados
Dithmenos
Elyvilon
Gozag
Hepliaklqana
Kikubaaqudgha
Makhleb
Nemelex Xobeh
Okawaru
Ru
Sif Muna
Trog
Uskayaw
Vehumet
Wu Jian
Xom
Zin
The Shining One

Shops:
D:3 [


Message History

The hellwing hits you.
The hellwing hits you but does no damage.
You block the hellwing's attack. The hellwing barely misses you.
The hellwing hits you but does no damage. x4
You closely miss the hellwing. You slash the hellwing!
The hellwing hits you but does no damage. x4
You hit the hellwing.
The hellwing is lightly wounded.
You closely miss the hellwing. The hellwing barely misses you. x2
The hellwing hits you but does no damage.
You block the hellwing's attack. The hellwing barely misses you.
The hellwing hits you.
You hit the hellwing but do no damage. x2; The hellwing hits you!
The hellwing hits you but does no damage. x2
You block the hellwing's attack. x2
The hellwing hits you but does no damage.
You slash the hellwing!
The hellwing is moderately wounded.
You hit the hellwing. You block the hellwing's attack.
The hellwing completely misses you. The hellwing hits you!
You block the hellwing's attack.
You barely miss the hellwing.
The hellwing is lightly wounded.
You barely miss the hellwing. The hellwing hits you!
You block the hellwing's attack. The hellwing hits you!
The hellwing hits you but does no damage.
The hellwing barely misses you. The hellwing hits you!
* * * LOW HITPOINT WARNING * * *
You block the hellwing's attack. The hellwing closely misses you.
Okay, then.
As you read the scroll of teleportation, it crumbles to dust.
You feel strangely unstable. You block the hellwing's attack.
The hellwing barely misses you. The hellwing hits you!
* * * LOW HITPOINT WARNING * * *
The hellwing completely misses you. The hellwing closely misses you.
The hellwing hits you.
* * * LOW HITPOINT WARNING * * *
The hellwing swoops through the air toward you!
The hellwing hits you.
You die...

##.....<..........
##.................
##.....#############
##.......##
##.........#
##..........##
##............#
#.....4.......#
#......@.....## .
###..........## ..
#........4.### ..#
#.#####..#.# #.. #.#
####.# #..######.###
#.# #..........#
##.## #..#######.#
##...#
#.#.....#.####..#..#


You could see 2 hellwings.

Vanquished Creatures
  Menkaure (D:4)
  A black bear (D:5)
  A phantom (D:5)
  A scorpion (D:4)
  A howler monkey (D:5)
  2 jellies
  2 hounds (D:5)
  A bullfrog skeleton (D:5)
  3 iguanas
  A hound zombie (D:5)
  A howler monkey zombie (D:5)
  3 gnolls (D:5)
  3 adders
  2 white imps (D:5)
  A worm (D:2)
  2 dart slugs
  3 orcs
  6 bats
  7 endoplasms
  A giant cockroach (D:1)
  4 goblins
  5 hobgoblins
  8 kobolds
  2 quokkas (D:2)
  3 ball pythons
  A frilled lizard (D:2)
  7 rats
  A spectral goblin (D:5)
74 creatures vanquished.

Notes
Turn   | Place    | Note
-------+----------+-------------------------------------------
     0 | D:1      | jessy the Human Fighter began the quest for the Orb.
     0 | D:1      | Reached XP level 1. HP: 18/18 MP: 1/1
   293 | D:1      | Reached XP level 2. HP: 24/24 MP: 2/2
   962 | D:1      | Reached XP level 3. HP: 29/29 MP: 3/3
  1236 | D:2      | Found a faded altar of an unknown god.
  1289 | D:2      | Prayed at the altar of an unknown god.
  1289 | D:2      | Became a worshipper of Nemelex Xobeh the Trickster
  1289 | D:2      | Reached * piety under Nemelex Xobeh
  1643 | D:2      | Received a gift from Nemelex Xobeh
  1779 | D:2      | Reached skill level 1 in Short Blades
  1779 | D:2      | Reached XP level 4. HP: 25/35 MP: 4/4
  2244 | D:3      | Identified the +10 short sword "Dragonbane" {vamp, rF+
                  | Will+}
  2400 | D:3      | Found Bimes's Armour Emporium.
  2563 | D:3      | Reached XP level 5. HP: 41/41 MP: 5/5
  2674 | D:3      | Reached ** piety under Nemelex Xobeh
  2685 | D:3      | Found a radiant altar of Vehumet.
  2705 | D:3      | Received a gift from Nemelex Xobeh
  3116 | D:4      | Reached skill level 4 in Armour
  3116 | D:4      | Reached XP level 6. HP: 41/47 MP: 6/6
  3429 | D:4      | Noticed Menkaure
  3452 | D:4      | Killed Menkaure
  4834 | D:5      | Entered Level 5 of the Dungeon
  4909 | D:5      | Found a staircase to the Ecumenical Temple.
  5046 | Temple   | Entered the Ecumenical Temple
  5267 | Temple   | Fell from the grace of Nemelex Xobeh
  5267 | Temple   | Became a worshipper of Makhleb the Destroyer
  5278 | Temple   | Fell from the grace of Makhleb
  5278 | Temple   | Became a worshipper of the Wu Jian Council
  5396 | D:5      | Found an iron altar of Okawaru.
  5441 | D:5      | Found a snail-covered altar of Cheibriados.
  5537 | D:5      | Reached XP level 7. HP: 34/52 MP: 7/7
  5821 | D:5      | Reached skill level 5 in Armour
  6143 | D:5      | Found a hazy altar of Hepliaklqana.
  6277 | D:5      | Reached XP level 8. HP: 27/60 MP: 8/8
  6998 | D:5      | Noticed a hellwing
  6998 | D:5      | Noticed a hellwing
  7010 | D:5      | HP: 2/60 [hellwing[the fury of Makhleb] (11)]
  7012 | D:5      | Slain by a hellwing

Illustrated notes

Levels and vault maps discovered:
D:1:      nicolae_arrival_somewhat_less_tricky_arrival, layout_loops_cross,
          minmay_surrounded
D:2:      layout_basic, hellmonk_ecumenical_altar_zigzags, minmay_box_of_dots
D:3:      layout_loops_ring, vehumet_altar_wand_db, serial_shops,
          nicolae_lakefront_shop
D:4:      layout_cave_pods, uniq_menkaure
D:5:      layout_cave_pods, mainiacjoe_overflow_alcove_4,
          nicolae_hepliaklqana_monster_ancestors, amcnicky_altar_gilded,
          minmay_temple_entry_waves
Temple:   regret_index_temple_waves

Skill      XL: |  1  2  3  4  5  6  7 |
---------------+----------------------+-----
Short Blades   | 1 2 4 |  4.2
Axes           | 3 |  3.8
Armour         | 4 5 |  5.8
Fighting       | |  3.7
Stealth        | |  0.6
Shields        | |  3.9
Evocations     | |  0.4

Action                   |  1- 3 |  4- 6 |  7- 9 || total
-------------------------+-------+-------+-------++-------
Melee: War axe           |    58 |     2 |       ||    60
       Short sword       |    33 |    43 |    43 ||   119
       Staff             |       |     5 |       ||     5
       Unarmed           |       |       |    10 ||    10
       Broad axe         |       |       |     9 ||     9
Invok: Lunge             |       |       |     3 ||     3
Evoke: Wand              |       |     2 |       ||     2
  Use: Potion            |       |     3 |       ||     3
       Scroll            |       |     1 |     3 ||     4
Armor: Plate armour      |   101 |    24 |    55 ||   180
       Scale mail        |     3 |       |       ||     3
Dodge: Dodged            |    33 |    22 |    30 ||    85
Block: Buckler           |    30 |    11 |    25 ||    66
